 Dungeon Crawl Stone Soup version 0.31-a0-240-gb923e448b6 (webtiles) character file.

Game seed: 12723430110578937854

2 Nattfarinn the Stinger (level 1, 0/11 HPs)
             Began as an Octopode Venom Mage on July 12, 2023.
             Frozen to death by an endoplasm (3 damage)
             ... on level 1 of the Dungeon.
             The game lasted 00:00:14 (109 turns).

Nattfarinn the Stinger (Octopode Venom Mage)         Turns: 109, Time: 00:00:14

Health: 0/11       AC:  1    Str:  7    XL:     1   Next: 30%
Magic:  3/3        EV: 13    Int: 17    God:
Gold:   14         SH:  0    Dex: 12    Spells: 3/4 levels left

rFire   . . .        (no weapon)
rCold   . . .        (no shield)
rNeg    . . .        (helmet restricted)
rPois   .            (no amulet)
rElec   .            (no ring)
rCorr   .            (no ring)
SInv    .            (no ring)
Will    .....        (no ring)
Stlth   +++          (no ring)
HPRegen 0.21/turn    (no ring)
MPRegen 0.08/turn    (no ring)
                     (no ring)

%: no passive effects
@: no status effects
A: almost no armour, amphibious, 8 rings, camouflage 1, gelatinous body 1,
(nimble swimmer 1), tentacles
a: no special abilities


You were on level 1 of the Dungeon.
You visited 1 branch of the dungeon, and saw 1 of its levels.

You collected 14 gold pieces.

Inventory:

Potions
 a - a potion of magic


   Skills:
 - Level 2.0 Dodging
 - Level 2.6 Stealth
 - Level 2.0 Spellcasting
 - Level 1.0 Transmutations
 + Level 3.8 Poison Magic


You had 3 spell levels left.
You knew the following spells:

 Your Spells              Type           Power      Damage    Failure   Level
a - Sting                 Tmut/Pois      36%        1d4       7%          1

Your spell library contained the following spells:

 Spells                   Type           Power      Damage    Failure   Level
 Poisonous Vapours        Pois/Air       16%        N/A       13%         2
 Mephitic Cloud           Conj/Pois/Air  6%         N/A       34%         3
 Olgreb's Toxic Radiance  Pois           14%        N/A       36%         4


Dungeon Overview and Level Annotations

Branches:
Dungeon (1/15)

Altars:


Innate Abilities, Weirdness & Mutations

You cannot wear most types of armour.
You are amphibious.
You can wear up to eight rings at the same time.
Your skin changes colour to match your surroundings (Stealth+).
Your rubbery body absorbs attacks. (AC +1, EV +1)
((You are camouflaged when in or above water. (Stealth+)))
You have tentacles for arms and can constrict up to eight enemies at once.


Message History

The endoplasm freezes you.
You are frozen.
You tentacle-slap the giant cockroach.
The giant cockroach is heavily wounded.
You constrict the giant cockroach, but do no damage.
The giant cockroach barely misses you. The endoplasm barely misses you.
Unknown command.
You tentacle-slap the giant cockroach but do no damage.
The giant cockroach is heavily wounded.
You constrict the giant cockroach.
The giant cockroach bites you but does no damage.
The endoplasm hits you.
Unknown command.
You tentacle-slap the giant cockroach but do no damage.
You tentacle-slap the giant cockroach, but do no damage.
The giant cockroach is severely wounded.
You constrict the giant cockroach, but do no damage.
The giant cockroach misses you. The giant cockroach barely misses you.
The endoplasm completely misses you.
Unknown command.
You tentacle-slap the giant cockroach but do no damage.
The giant cockroach is severely wounded.
You constrict the giant cockroach. The giant cockroach closely misses you.
The endoplasm hits you.
Unknown command.
You tentacle-slap the giant cockroach but do no damage.
You squeeze the giant cockroach.
You kill the giant cockroach!
The endoplasm barely misses you.
Unknown command.
You tentacle-slap the endoplasm.
The endoplasm is moderately wounded.
The endoplasm hits you.
* * * LOW HITPOINT WARNING * * *
Unknown command.
You tentacle-slap the endoplasm but do no damage.
The endoplasm is moderately wounded.
The endoplasm freezes you.
You are frozen.
You die...

......#.#.# .....#.#.#
. ....#.#.# ..
#.#.#.#.###
+#.####.#.#.#...
......#...:...# #.#
.......J..#.#.#####.#
#...†@.............
#####.#####.#####.# #.#
#.# #.#
###############.# #^#
#~~~~~~~~~~~~~#.# #.#
#~P♣~~PP♣~~.♣~#.#####.#
#~PP~~♣P♣~~♣P~#.......#
#~♣♣~~♣.P~~♣P~#.####..#
#~P♣~~PP♣~~P♣~#.# #..#


You could see an endoplasm.

Vanquished Creatures
  A giant cockroach (D:1)
  A rat (D:1)
2 creatures vanquished.

Notes
Turn   | Place    | Note
-------+----------+-------------------------------------------
     0 | D:1      | Nattfarinn the Octopode Venom Mage began the quest for the
                  | Orb.
     0 | D:1      | Reached XP level 1. HP: 11/11 MP: 3/3
   109 | D:1      | Frozen to death by an endoplasm

Illustrated notes

Levels and vault maps discovered:
D:1:      lightli_arrival_farm, layout_basic

Action                     || total
---------------------------++-------
  Melee: Unarmed           ||    14
         Constrict         ||     2
         Tentacles         ||     2
         Punch             ||     1
   Stab: Sleeping          ||     2
 Armour: Skin              ||     1
  Dodge: Dodged            ||    11

Table legend: (Time is in decaauts)
 A = Elapsed time spent in this place.
 B = Non-inter-level travel time spent in this place.
 C = Inter-level travel time spent in this place.
 D = Time resting spent in this place.
 E = Time spent auto-exploring this place.
 F = Levels seen in this place.
 G = Mean time per level.
                   A        B        C        D        E       F      G
               +--------+--------+--------+--------+--------+-----+--------+
         Total |    109 |    109 |      0 |      0 |     84 |   1 |  109.0 |
       Dungeon |    109 |    109 |      0 |      0 |     84 |   1 |  109.0 |
               +--------+--------+--------+--------+--------+-----+--------+

Top non-repeatable levels by time:
     D:1: 109 daAuts
